cohdb
Replays
Latest Replays
All Replays
Popular Replays
Top Player Replays
Match Explorer
How It Works
Community
CoH3 Stats
Reddit
Sign in to upload your games and track your stats! →
Sign in with Steam
Match 20149305
Unlisted
Match 20149305
Overview
Messages
Build Orders
End
Construct Barracks
Riflemen Squad
Riflemen Squad
Riflemen Squad
Grenade Package
Construct Medical Station
Mechanized Support Center
Riflemen Squad
Construct Tank Depot
Selects Armored Battlegroup
Selects Strength in Steel
Engineer Squad
Selects Seek and Destroy
Selects UNKNOWN (2160077)
Riflemen Squad
Riflemen Squad
Selects Assault Engineers
Assault Engineer Squad
M4A3E8 Sherman Easy Eight
M1918 Browning Automatic Rifles
Improvised Armor
Seek and Destroy
M4A3E8 Sherman Easy Eight
Selects Field Repairs
Selects War Machine
M4A3E8 Sherman Easy Eight
Riflemen Squad
Assault Engineer Squad
M4A3E8 Sherman Easy Eight
Riflemen Squad
Assault Engineer Squad
M4A3E8 Sherman Easy Eight
M4A3E8 Sherman Easy Eight
M18 Hellcat Tank Destroyer
Riflemen Squad
Assault Engineer Squad
M4A3E8 Sherman Easy Eight
Assault Engineer Squad
AI Takeover
Charles_XII
MonoChrome
0
0
Comments
sign in to comment!
No comments posted yet!